Map: Ulrena

Players

ILLBdA

  • Race: Zerg Zerg
  • League: Diamond

EnglishPear - Winner!

  • Race: Terran Terran
  • League: Silver

VOD

Have the link to the VOD?

Description

Time

  • Played on: Jan. 3, 2016, 8:54 p.m.
  • Length: 6:13
Show
View Real Time Build Order
Export as new Build Order

ILLBdA Zerg 

Build Orders: Pool Only 

Get SALT Encoding   

  12  0:01  Drone  
  13  0:11  Drone  
  14  0:14  Extractor  
  14  0:15  Drone  
  15  0:31  Spawning Pool  
  15  0:34  Extractor  
  13  0:35  Drone  
  14  0:44  Overlord  
  14  1:17  Queen  
  14  1:18  Zergling x6  
  19  1:29  Evolution Chamber  
  19  1:31  Zergling x2  
  19  1:43  Zergling x2  
  20  1:49  Metabolic Boost  
  20  1:59  Zergling x2  
  21  2:12  Zergling x4  
  21  2:20  Pneumatized Carapace  
  20  2:25  Zergling x4  
  22  2:34  Overlord  
  21  2:42  Overlord  
  21  2:57  Zergling x2  
  21  2:58  Zergling x4  
  23  3:11  Zergling x2  
  24  3:15  Zergling x6  
  27  3:24  Zergling x2  
  27  3:35  Zergling x2  
  24  3:58  Zergling x6  
  24  4:12  Zergling x2  
  23  4:24  Zergling x2  
  23  4:28  Roach Warren  
  22  4:40  Burrow  
  22  4:47  Drone x4  
  24  5:15  Roach x3  
  30  5:25  Roach  
  30  5:26  Roach x2  
  36  5:37  Overlord x2  
  36  5:49  Roach  
Show
View Real Time Build Order
Export as new Build Order

EnglishPear Terran - Winner!

Build Orders: Reaper Expand 

Get SALT Encoding   

  12  0:01  SCV  
  13  0:13  SCV  
  14  0:18  Supply Depot  
  14  0:25  SCV  
  15  0:39  SCV  
  15  0:40  Barracks  
  16  0:46  Refinery  
  16  0:51  SCV  
  17  1:04  SCV  
  18  1:16  SCV  
  19  1:28  Orbital Command  
  19  1:29  Reaper  
  20  1:44  Command Center  
  20  1:48  Supply Depot  
  20  1:53  SCV  
  21  2:09  SCV  
  22  2:22  SCV  
  23  2:34  SCV  
  24  2:38  Factory  
  24  2:39  Marine  
  25  2:45  Barracks  
  25  2:46  SCV  
  26  2:58  SCV  
  27  3:00  Orbital Command  
  27  3:06  Barracks Reactor  
  27  3:10  SCV, Bunker  
  28  3:13  Supply Depot  
  28  3:22  SCV, Hellion  
  28  3:25  Barracks  
  31  3:33  Marine  
  30  3:49  Hellion, Marine x2  
  30  3:54  Supply Depot  
  33  4:05  Marine  
  32  4:10  Hellion  
  34  4:18  SCV  
  34  4:23  Supply Depot  
  35  4:30  SCV  
  36  4:36  Hellion  
  38  4:38  SCV  
  38  4:40  Refinery  
  38  4:42  Barracks Tech Lab  
  38  4:45  Supply Depot, Starport  
  39  4:46  Supply Depot  
  39  4:48  Marine x2  
  41  5:04  Barracks Tech Lab  
  41  5:08  Marine x2  
  41  5:09  Siege Tank  
  41  5:11  SCV  
  47  5:16  Supply Depot  
  47  5:23  Orbital Command  
  47  5:24  Marauder, Marine  
  47  5:25  Medivac  
  52  5:29  Marine x2  
  52  5:35  Bunker  
  54  5:43  Marine  
  54  5:46  Marauder  
  54  5:47  Marine x2  
  54  5:49  SCV  
  60  5:53  SCV  
Tags
 
Matchup
TvZ
Replay Pack
me
Add a new tag
Caveats
  • Supply blocks, unpowered buildings, or Contaminate may cause inaccurate times.
  • Supply counts are checked every 10 seconds.